 Dungeon Sprint DCSS version 0.31-a0-638-g26219f789d (webtiles) character file.

Game seed: 11735093416960359507

3907 Conn the Arsonist (level 10, -42/62 HPs)
             Began as an Octopode Fire Elementalist on Aug 26, 2023.
             Was a High Priest of Sif Muna.
             Shot with a bolt by a yaktaur captain (51 damage)
             ... in the Dungeon (Sprint II: "The Violet Keep of Menkaure").
             The game lasted 00:09:20 (1335 turns).

Conn the Arsonist (Octopode Fire Elementalist)      Turns: 1335, Time: 00:09:20

Health: -42/62     AC:  1    Str:  8    XL:     10   Next: 20%
Magic:  8/26       EV: 15    Int: 22    God:    Sif Muna [*****.]
Gold:   1460       SH:  0    Dex: 12    Spells: 16/34 levels left

rFire   . . .        n - staff of conjuration
rCold   + . .        (no shield)
rNeg    . . .        (helmet restricted)
rPois   .            (no amulet)
rElec   .            k - ring of protection from cold
rCorr   .            (no ring)
SInv    .            (no ring)
Will    .....        (no ring)
Stlth   ++++         (no ring)
HPRegen 0.30/turn    (no ring)
MPRegen 0.20/turn    (no ring)
                     (no ring)

%: no teleportation
@: invisible
A: almost no armour, amphibious, 8 rings, camouflage 1, gelatinous body 1,
nimble swimmer 1, tentacles
a: Renounce Religion, Channel Magic, Forget Spell, Divine Exegesis


You were in the Dungeon.
You worshipped Sif Muna.
Sif Muna was extremely pleased with you.
You visited 1 branch You collected 1460 gold pieces.

Inventory:

Magical Staves
 n - a staff of conjuration (weapon)
Jewellery
 k - a ring of protection from cold (left tentacle)
Scrolls
 e - a scroll of enchant weapon
 f - a scroll of blinking
 i - a scroll of brand weapon
 j - a scroll of amnesia
 l - a scroll of immolation {unknown}
 m - a scroll of enchant armour
 q - a scroll of vulnerability
 s - a scroll of fog {unknown}
 t - a scroll of torment {unknown}
Potions
 a - 5 potions of magic
 d - a potion of haste
 p - 4 potions of resistance
 r - 3 potions of enlightenment {unknown}


   Skills:
 + Level 2.8 Fighting
 + Level 5.9 Dodging
 - Level 4.1 Stealth
 - Level 0.5 Unarmed Combat
 * Level 12.5 Spellcasting
 * Level 8.4 Conjurations
 + Level 0.6 Hexes
 * Level 5.6 Summonings
 + Level 12.7 Fire Magic
 * Level 5.5 Air Magic
 - Level 3.0 Poison Magic
 * Level 6.1 Invocations


You had 16 spell levels left.
You knew the following spells:

 Your Spells              Type           Power      Damage    Failure   Level
a - Foxfire               Conj/Fire      100%       2x1d9     1%          1
b - Scorch                Fire           100%       2d9       1%          2
c - Inner Flame           Hex/Fire       43%        N/A       1%          3
d - Flame Wave            Conj/Fire      74%        2d16      1%          4
e - Mephitic Cloud        Conj/Pois/Air  55%        N/A       1%          3
f - Call Imp              Summ           76%        N/A       1%          2
g - Ignite Poison         Fire/Tmut/Pois 36%        N/A       1%          3

Your spell library contained the following spells:

 Spells                   Type           Power      Damage    Failure   Level
 Magic Dart               Conj           100%       1d8       1%          1
 Volatile Blastmotes      Fire/Tloc      82%        2d16      1%          3
 Cigotuvi's Dreadful Rot  Necr/Pois/Air  52%        N/A       2%          2
 Freezing Cloud           Conj/Ice/Air   25%        6-21      19%         5


Dungeon Overview and Level Annotations

Branches:
Dungeon (1/1)

Altars:
Cheibriados
Dithmenos
Elyvilon
Fedhas
Gozag
Hepliaklqana
Kikubaaqudgha
Makhleb
Nemelex Xobeh
Okawaru
Qazlal
Ru
Sif Muna
Trog
Uskayaw
Vehumet
Wu Jian
Xom
Yredelemnul
Zin
The Shining One
Jiyva
Lugonu

Shops:
D [!:=?:[!=[**

Annotations:
D exclusions: ice statue and oklob plant, Kirke


Innate Abilities, Weirdness & Mutations

You cannot wear most types of armour.
You are amphibious.
You can wear up to eight rings at the same time.
Your skin changes colour to match your surroundings (Stealth+).
Your rubbery body absorbs attacks. (AC +1, EV +1)
You are camouflaged when in or above water. (Stealth+)
You have tentacles for arms and can constrict up to eight enemies at once.


Message History

The yaktaur captain is engulfed in noxious fumes.
The yaktaur captain hits itself but does no damage.
The kobold demonologist looks braver for a moment.
The centaur warrior is engulfed in noxious fumes.
The centaur warrior shoots an arrow.
The arrow misses you.
Unknown command.
Unknown command.
Unknown command.
Casting: Mephitic Cloud (safe; 1% risk of failure)
Confirm with . or Enter, or press ? or * to list all spells.
Okay, then.
Unknown command.
Unknown command.
Unknown command.
You fade into invisibility!
The yaktaur captain seems less confused.
The yaktaur captain is engulfed in noxious fumes.
The yaktaur captain wields a +0 arbalest.
The yaktaur captain shoots a bolt.
The bolt hits you!!
* * * LOW HITPOINT WARNING * * *
The centaur warrior is engulfed in noxious fumes.
The centaur warrior shoots an arrow.
The arrow closely misses you.
The centaur warrior is engulfed in noxious fumes.
The yaktaur captain is engulfed in noxious fumes.
The yaktaur captain shoots a bolt.
The bolt hits the centaur warrior!!
The centaur warrior is engulfed in noxious fumes.
The centaur warrior appears confused.
Casting: Mephitic Cloud (safe; 1% risk of failure)
Confirm with . or Enter, or press ? or * to list all spells.
Okay, then.
Unknown command.
Casting: Mephitic Cloud (safe; 1% risk of failure)
Confirm with . or Enter, or press ? or * to list all spells.
You ignite the poison in your surroundings!
The wyvern hisses angrily.
You hear an angry hiss.
The centaur warrior is engulfed in blazing flames.
The yaktaur captain is engulfed in blazing flames.
The yaktaur captain shoots a bolt.
The bolt hits you!!!
Ouch! That really hurt!
You die...

c@#### ○..°°.# KY.~##
.....#
########@~#+++#''○##
########~K☼......○..#
.......#§☼☼~.##'##..#
∩.....∩#cc☼~####.##.####
.....∩.#§☼○~#..##.# ...#
∩.∩.∩.∩#~~####...####..##
.∩.∩.∩.#@##.###'###.##..#
..∩.∩..#~#...##.##...#..#
...⌠...'~'##.'.<.'.#)'..#
.......#~#...##.##...#...
▓▓▓▓▓###~##.###†###.##...
HH######~~#####†#####~~..


Hl# ##~~~#..#..#~~~~~~ P #'#~##.#.##~~~~~§ #[#~~##'##~~~≈≈≈~ You could see
Kirke, a yaktaur captain (combustible), a centaur warrior (confused), a
manticore, a kobold demonologist and a wyvern.

Vanquished Creatures
  2 deep trolls (D)
  A merfolk siren (D)
  A yaktaur (D)
  3 polar bears (D)
  A hornet (D)
  4 neqoxecs (D)
  5 water moccasins (D)
  4 necrophages (D)
  5 scorpions (D)
26 creatures vanquished.

Vanquished Creatures (others)
  Menkaure (D)
  38 foxfires (D)
  12 tentacles (D)
51 creatures vanquished.

Grand Total: 77 creatures vanquished

Notes
Turn   | Place    | Note
-------+----------+-------------------------------------------
     0 | D        | Conn the Octopode Fire Elementalist began the quest for the
                  | Orb.
     0 | D        | Reached XP level 1. HP: 11/11 MP: 3/3
     1 | D        | Noticed a necrophage
     1 | D        | Noticed a necrophage
     1 | D        | Noticed a necrophage
     1 | D        | Noticed a necrophage
     5 | D        | Killed a necrophage
     6 | D        | Reached XP level 2. HP: 14/17 MP: 3/6
     6 | D        | Reached XP level 3. HP: 17/21 MP: 4/8
     6 | D        | Reached XP level 4. HP: 23/27 MP: 4/9
     9 | D        | Killed a necrophage
    10 | D        | Reached XP level 5. HP: 21/31 MP: 4/12
    17 | D        | Reached skill level 5 in Spellcasting
    19 | D        | HP: 2/46 [necrophage (3)]
    21 | D        | Reached XP level 6. HP: 2/36 MP: 5/14
    26 | D        | Learned a level 2 spell: Scorch
    30 | D        | Learned a level 3 spell: Inner Flame
    35 | D        | Learned a level 4 spell: Flame Wave
    44 | D        | Killed Menkaure
    59 | D        | Found Yxtymud's Distillery.
    59 | D        | Found Ynoodalat's Magic Scroll Boutique.
    59 | D        | Found Biraqug's Antique Armour Shop.
    59 | D        | Found Couzes's Book Boutique.
    59 | D        | Found Lixosuevu's Assorted Antiques.
    59 | D        | Found Vouhor's Armour Boutique.
    59 | D        | Found Noer's Jewellery Shop.
    59 | D        | Found Yplig's Jewellery Boutique.
    59 | D        | Found Buhisme's General Store.
    60 | D        | Found Enobb's Book Shop.
    61 | D        | Noticed a water moccasin
    61 | D        | Noticed a manticore
    67 | D        | Killed a water moccasin
    72 | D        | Found Feideudu's Distillery.
    72 | D        | Found Fikutiga's Antique Armour Shop.
    72 | D        | Noticed a manticore
    72 | D        | Noticed a manticore
    72 | D        | Noticed an oklob plant
    81 | D        | Reached skill level 5 in Dodging
    81 | D        | Reached skill level 5 in Conjurations
    82 | D        | Noticed a flying skull
    84 | D        | Noticed a flying skull
    85 | D        | Noticed a flying skull
    85 | D        | Noticed a flying skull
    85 | D        | Noticed a flying skull
    85 | D        | Noticed a flying skull
    85 | D        | Noticed a flying skull
    85 | D        | Noticed a flying skull
    85 | D        | Noticed a flying skull
    85 | D        | Noticed a flying skull
    86 | D        | Noticed a flying skull
    87 | D        | Noticed a flying skull
    94 | D        | Found a glowing silver altar of Zin.
    95 | D        | Found a glowing golden altar of the Shining One.
    95 | D        | Found a basalt altar of Yredelemnul.
    95 | D        | Found a hide-covered altar of Uskayaw.
    96 | D        | Found a shimmering altar of Xom.
    96 | D        | Found a bloodstained altar of Trog.
    97 | D        | Found an ornate altar of the Wu Jian Council.
    97 | D        | Found a shimmering blue altar of Sif Muna.
    97 | D        | Found a corrupted altar of Lugonu.
    97 | D        | Found a radiant altar of Vehumet.
    97 | D        | Found a burning altar of Makhleb.
    98 | D        | Found a sacrificial altar of Ru.
    98 | D        | Found an ancient bone altar of Kikubaaqudgha.
    98 | D        | Found a white marble altar of Elyvilon.
    99 | D        | Found a stormy altar of Qazlal.
    99 | D        | Found a viscous altar of Jiyva.
    99 | D        | Found a shadowy altar of Dithmenos.
   100 | D        | Found a hazy altar of Hepliaklqana.
   100 | D        | Found a snail-covered altar of Cheibriados.
   102 | D        | Found a sparkling altar of Nemelex Xobeh.
   102 | D        | Found a blossoming altar of Fedhas.
   103 | D        | Found an opulent altar of Gozag.
   103 | D        | Found an iron altar of Okawaru.
   105 | D        | Noticed a water moccasin
   106 | D        | Became a worshipper of Sif Muna the Loreminder
   110 | D        | Noticed a water moccasin
   115 | D        | Killed a water moccasin
   116 | D        | Reached skill level 10 in Fire Magic
   116 | D        | Reached XP level 7. HP: 33/42 MP: 6/17
   124 | D        | Noticed a kraken
   131 | D        | Reached * piety under Sif Muna
   132 | D        | Reached skill level 1 in Fighting
   231 | D        | Found the +3 giant club "Skullcrusher" {speed, Str+7}
   240 | D        | Found the +6 lightning scales {swift, rElec}
   519 | D        | Learned a level 3 spell: Mephitic Cloud
   522 | D        | Learned a level 2 spell: Call Imp
   682 | D        | Learned a level 3 spell: Ignite Poison
   684 | D        | Noticed a polar bear
   684 | D        | Noticed a polar bear
   684 | D        | Noticed a polar bear
   685 | D        | Noticed a hornet
   689 | D        | Noticed a yaktaur
   691 | D        | Killed a yaktaur
   692 | D        | Reached skill level 1 in Summonings
   692 | D        | Reached skill level 1 in Air Magic
   692 | D        | Reached skill level 1 in Invocations
   692 | D        | Reached XP level 8. HP: 37/48 MP: 6/20
   699 | D        | Killed a polar bear
   707 | D        | Noticed a flying skull
   707 | D        | Noticed a flying skull
   707 | D        | Noticed a flying skull
   708 | D        | Noticed a flying skull
   708 | D        | Noticed a flying skull
   709 | D        | Noticed a flying skull
   717 | D        | Killed a polar bear
   718 | D        | Reached ** piety under Sif Muna
   864 | D        | Noticed a deep troll
   864 | D        | Noticed a deep troll
   881 | D        | Killed a deep troll
   882 | D        | Reached skill level 10 in Spellcasting
   882 | D        | Reached XP level 9. HP: 55/55 MP: 4/23
   895 | D        | Killed a deep troll
   896 | D        | Reached skill level 5 in Invocations
  1034 | D        | Killed a hornet
  1039 | D        | Killed a polar bear
  1039 | D        | Reached *** piety under Sif Muna
  1115 | D        | Noticed a merfolk siren
  1120 | D        | Killed a merfolk siren
  1121 | D        | Reached skill level 5 in Summonings
  1121 | D        | Reached skill level 5 in Air Magic
  1182 | D        | Reached XP level 10. HP: 49/62 MP: 12/26
  1182 | D        | Reached **** piety under Sif Muna
  1275 | D        | Reached ***** piety under Sif Muna
  1317 | D        | Noticed an ice statue
  1320 | D        | Noticed Kirke
  1320 | D        | Noticed a kobold demonologist
  1320 | D        | Noticed a yaktaur captain
  1321 | D        | Noticed a centaur warrior
  1331 | D        | Noticed an elephant
  1335 | D        | Shot with a bolt by a yaktaur captain

Illustrated notes

Levels and vault maps discovered:
D:        the_violet_keep_of_menkaure [sprint2_stairs_cluster_1,
          sprint2_shoproom, sprint2_temple, sprint2_basic_supplies,
          sprint2_obstacle_1, sprint2_obstacle_4, sprint2_obstacle_2,
          sprint2_obstacle_6, sprint2_obstacle_3, sprint2_timed_cluster_1,
          sprint2_smallroom_cluster_1, sprint2_smallroom_final_cluster_1,
          sprint2_transparent_cluster_1, sprint2_second_timed_cluster_1,
          sprint2_sniper_area_1, sprint2_heavy_combat_area_1,
          sprint2_mutation_trap_area_1, sprint2_forest_area_1,
          sprint2_light_combat_area_1, sprint2_behind_water_1,
          sprint2_near_end_vault_1]

Skill      XL: |  1  2  3  4  5  6  7  8  9 10 |
---------------+-------------------------------+-----
Dodging        | 3 4 5 |  5.9
Stealth        | 4 |  4.1
Spellcasting   | 3 4 5 7 8 10 12 | 12.5
Fire Magic     | 6 7 8 10 11 12 | 12.7
Conjurations   | 2 4 5 6 7 8 |  8.4
Fighting       | 1 2 |  2.8
Summonings     | 1 3 5 |  5.6
Air Magic      | 1 3 5 |  5.5
Poison Magic   | 2 3 |  3.0
Invocations    | 1 4 5 6 |  6.1
Unarmed Combat | |  0.5
Hexes          | |  0.6

Action                     |  1- 3 |  4- 6 |  7- 9 | 10-12 || total
---------------------------+-------+-------+-------+-------++-------
  Melee: Unarmed           |     3 |    14 |       |       ||    17
         Constrict         |     1 |     2 |       |       ||     3
         Tentacles         |     1 |     1 |     1 |       ||     3
         Staff             |       |       |     1 |       ||     1
   Cast: Scorch            |       |     5 |    25 |     1 ||    31
         Foxfire           |       |     4 |    20 |       ||    24
         Mephitic Cloud    |       |       |     5 |     4 ||     9
         Flame Wave        |       |       |     4 |     1 ||     5
         Inner Flame       |       |       |     1 |     1 ||     2
         Ignite Poison     |       |       |       |     2 ||     2
    Use: Potion            |     1 |       |     7 |     1 ||     9
         Scroll            |       |       |     6 |       ||     6
  Dodge: Dodged            |       |    10 |    21 |     4 ||    35

Table legend: (Time is in decaauts)
 A = Elapsed time spent in this place.
 B = Non-inter-level travel time spent in this place.
 C = Inter-level travel time spent in this place.
 D = Time resting spent in this place.
 E = Time spent auto-exploring this place.
 F = Levels seen in this place.
 G = Mean time per level.
                   A        B        C        D        E       F      G
               +--------+--------+--------+--------+--------+-----+--------+
         Total |   1339 |   1339 |      0 |    751 |      0 |   1 | 1339.0 |
       Dungeon |   1339 |   1339 |      0 |    751 |      0 |   1 | 1339.0 |
               +--------+--------+--------+--------+--------+-----+--------+

Top non-repeatable levels by time:
       D: 1339 daAuts
